 Dungeon Crawl Stone Soup version 0.30-a0-377-g5cb311bc9f (webtiles) character file.

Game seed: 9585981075517512578

95 bande the Covered (level 4, 0/29 HPs)
             Began as a Gargoyle Fighter on Nov 28, 2022.
             Slain by a black bear (8 damage)
             ... on level 6 of the Dungeon.
             The game lasted 00:03:29 (1837 turns).

bande the Covered (Gargoyle Fighter)                Turns: 1837, Time: 00:03:30

Health: 0/29       AC: 13    Str: 26    XL:     4   Next: 65%
Magic:  4/4        EV:  9    Int:  8    God:
Gold:   102        SH:  4    Dex: 11    Spells: 3/3 levels left

rFire   . . .      SeeInvis .    a - +1 war axe
rCold   . . .      Faith    .    c - +0 buckler
rNeg    + . .      Spirit   .    b - +0 scale mail
rPois   ∞          Reflect  .    (no helmet)
rElec   +          Harm     .    h - +2 cloak
rCorr   .          Rampage  .    (no gloves)
Will    .....                    (no boots)
Stlth   ..........               (no amulet)
HPRegen 0.24/turn                e - +6 ring of strength
MPRegen 0.09/turn                (no ring)

@: no status effects
A: sickness immunity, AC +3, negative energy resistance 1, electricity
resistance, torment resistance 1, petrification resistance
a: no special abilities


You were on level 6 of the Dungeon.
You visited 1 branch of the dungeon, and saw 4 of its levels.

You collected 102 gold pieces.

Inventory:

Hand Weapons
 a - a +1 war axe (weapon)
Armour
 b - a +0 scale mail (worn)
 c - a +0 buckler (worn)
 h - a +2 cloak (worn)
Jewellery
 e - a +6 ring of strength (left hand)
Wands
 k - a wand of mindburst (16)
Potions
 d - 2 potions of might
 f - a potion of brilliance
 g - a potion of heal wounds {unknown}
 i - a potion of resistance
 j - a potion of degeneration {unknown}
 l - a potion of flight


   Skills:
 + Level 3.7 Fighting
 + Level 3.1 Axes
 + Level 3.8 Armour
 + Level 3.7 Shields
 * Level 0.9 Evocations


You had 3 spell levels left.
You didn't know any spells.
Your spell library contained the following spells:

 Spells                   Type           Power      Damage    Failure   Level
 Blink                    Tloc           0%         N/A       89%         2
 Manifold Assault         Tloc           0%         N/A       100%        4
 Storm Form               Tmut/Air       0%         N/A       100%        7


Dungeon Overview and Level Annotations

Branches:
Dungeon (3/15)

Altars:

Shops:
D:2 (?([


Innate Abilities, Weirdness & Mutations

You are immune to sickness and miasma.
Your stone body is resilient. (AC +3)
You are immune to poison.
You resist negative energy. (rN+)
You are resistant to electric shocks. (rElec)
You are resistant to unholy torment.
You are immune to petrification.


Message History

The black bear barely misses you.
You hit the black bear.
The black bear is lightly wounded.
The black bear bites you.
The black bear claws you but does no damage.
You block the black bear's attack. The black bear bites you.
The black bear claws you but does no damage. x2
You hit the black bear but do no damage.
The black bear is lightly wounded.
The black bear bites you but does no damage.
The black bear claws you but does no damage. x2
You slash the black bear!
The black bear is severely wounded.
The black bear bites you but does no damage.
The black bear claws you. The black bear completely misses you.
You hit the black bear.
The black bear is severely wounded.
The black bear bites you. The black bear claws you.
The black bear claws you but does no damage.
The black bear barely misses you.
The black bear claws you but does no damage.
The black bear claws you.
You hit the black bear.
The black bear is almost dead.
The black bear goes berserk!
Unknown command.
You completely miss the black bear.
The black bear is almost dead.
The black bear barely misses you.
The black bear claws you but does no damage. x2
The black bear bites you.
* * * LOW HITPOINT WARNING * * *
You block the black bear's attack.
The black bear claws you but does no damage.
You hit the black bear but do no damage.
The black bear is almost dead.
The black bear bites you but does no damage.
The black bear claws you but does no damage.
The black bear closely misses you. The black bear bites you!
You die...

..................#
####..............#
...#..............#
...#..............#
...##'########....#
.........# #....#
.........+ #....#
.........# #....#
########## #..@.#
##.h.......
#......... .
#......... ..
#......... .#
#......... ..#
########.. ..+ ..
..#


You could see a black bear (berserk).

Vanquished Creatures
  A hound (D:6)
  3 adders
  A worm (D:2)
  An orc (D:3)
  4 endoplasms
  3 goblins
  2 hobgoblins
  3 jackals (D:1)
  A quokka (D:1)
  4 ball pythons (D:1)
  5 bats
  5 frilled lizards
  2 kobolds
  3 rats
38 creatures vanquished.

Notes
Turn   | Place    | Note
-------+----------+-------------------------------------------
     0 | D:1      | bande the Gargoyle Fighter began the quest for the Orb.
     0 | D:1      | Reached XP level 1. HP: 14/14 MP: 1/1
    94 | D:1      | Found a faded altar of an unknown god.
    95 | D:1      | Noticed a floating eye
   101 | D:1      | Noticed a floating eye
   125 | D:1      | Noticed a shining eye
   129 | D:1      | Noticed a shining eye
   152 | D:1      | Reached XP level 2. HP: 19/19 MP: 2/2
   903 | D:2      | Reached XP level 3. HP: 23/23 MP: 3/3
   917 | D:2      | Found Bochus's Magic Scroll Shop.
  1071 | D:2      | Found Inacawio's Antique Armour Boutique.
  1086 | D:2      | Found Hyenain's Weapon Shoppe.
  1491 | D:2      | Found Voschiewu's Weapon Shop.
  1695 | D:3      | Reached XP level 4. HP: 28/28 MP: 4/4
  1738 | D:3      | You fall into a shaft and drop 3 floors!
  1824 | D:6      | Noticed a black bear
  1837 | D:6      | Slain by a black bear

Illustrated notes

Levels and vault maps discovered:
D:1:      psy_arrival_radial01, layout_basic,
          hellmonk_ecumenical_altar_watching_god
D:2:      layout_basic, serial_shops, shop, nicolae_shop_behind_doors,
          nicolae_lakefront_shop, shop_fountains
D:3:      layout_rooms, hangedman_ru_absence, serial_undead, serial_undead_b,
          serial_undead_f, serial_undead_b, serial_undead_c,
          nrook_mini_backslash, nicolae_grassy_gnolls
D:6:      layout_gridville

Skill      XL: |  1  2  3  4 |
---------------+-------------+-----
Axes           | 2 3 |  3.1
Fighting       | |  3.7
Armour         | |  3.8
Shields        | |  3.7
Evocations     | |  0.9

Action                   |  1- 3 |  4- 6 || total
-------------------------+-------+-------++-------
Melee: War axe           |   127 |    18 ||   145
  Use: Scroll            |     9 |       ||     9
Armor: Scale mail        |    73 |    28 ||   101
Dodge: Dodged            |    65 |    14 ||    79
Block: Buckler           |    44 |     7 ||    51

Table legend: (Time is in decaauts)
 A = Elapsed time spent in this place.
 B = Non-inter-level travel time spent in this place.
 C = Inter-level travel time spent in this place.
 D = Time resting spent in this place.
 E = Time spent auto-exploring this place.
 F = Levels seen in this place.
 G = Mean time per level.
                   A        B        C        D        E       F      G
               +--------+--------+--------+--------+--------+-----+--------+
         Total |   1897 |   1865 |     32 |      0 |   1463 |   4 |  474.2 |
       Dungeon |   1897 |   1865 |     32 |      0 |   1463 |   4 |  474.2 |
               +--------+--------+--------+--------+--------+-----+--------+

Top non-repeatable levels by time:
     D:2: 941 daAuts
     D:1: 767 daAuts
     D:6: 104 daAuts
     D:3: 83 daAuts
